 Dungeon Crawl Stone Soup version 0.23-a0-358-g98c7a59 (webtiles) character file.

47 BingusPrime the Grasshopper (level 3, 0/24 HPs)
             Began as an Octopode Warper on Oct 22, 2018.
             Slain by an orc
             ... wielding a +0 dagger
              (1 damage)
             ... on level 2 of the Dungeon.
             The game lasted 00:04:54 (1792 turns).

BingusPrime the Grasshopper (Octopode Warper)       Turns: 1792, Time: 00:04:54

Health: 0/24       AC:  1    Str: 10    XL:     3   Next: 70%
Magic:  4/6        EV: 14    Int: 15    God:
Gold:   129        SH:  0    Dex: 12    Spells: 3/7 levels left

rFire    . . .     SeeInvis .   a - +0 falchion
rCold    . . .     Gourm    .   (no shield)
rNeg     . . .     Faith    .   (helmet restricted)
rPois    .         Spirit   .   (no amulet)
rElec    .         Reflect  .   (no ring)
rCorr    .         Harm     .   (no ring)
MR       .....                  (no ring)
Stlth    +++.......             (no ring)
HPRegen  0.08/turn              (no ring)
MPRegen  0.10/turn              (no ring)
                                (no ring)
                                (no ring)

@: no status effects
A: almost no armour, stealthy swim, amphibious, 8 rings, constrict 8, camouflage
1, gelatinous body 1
a: no special abilities


You were on level 2 of the Dungeon.
You were not hungry.

You visited 1 branch of the dungeon, and saw 3 of its levels.

You collected 129 gold pieces.

Inventory:

Hand Weapons
 a - a +0 falchion (weapon)
 e - a +0 blowgun
Missiles
 d - 3 tomahawks of dispersal (quivered)
 l - 16 poisoned needles
Scrolls
 b - 2 scrolls of teleportation
 c - a scroll of blinking
 j - a scroll of enchant weapon
Potions
 g - 2 potions of heal wounds
 h - a potion of magic
 i - 5 potions of might
 k - 2 potions of invisibility
Comestibles
 f - 2 rations


   Skills:
 * Level 2.2 Fighting
 + Level 2.2 Long Blades
 + Level 1.0 Throwing
 + Level 2.8 Dodging
 * Level 2.0 Stealth
 + Level 2.5 Spellcasting
 + Level 3.0 Translocations


You had 3 spell levels left.
You knew the following spells:

 Your Spells              Type           Power        Failure   Level  Hunger
a - Blink                 Tloc           N/A          9%          2    ###....
b - Shroud of Golubria    Chrm/Tloc      #.........   17%         2    ###....

Your spell library contained the following spells:

 Spells                   Type           Power        Failure   Level  Hunger
 Gell's Gravitas          Tloc           ##........   19%         3    ###....
 Lesser Beckoning         Tloc           ##........   19%         3    ###....
 Teleport Other           Tloc           ##......     19%         3    ###....
 Passage of Golubria      Tloc           N/A          52%         4    #####..


Dungeon Overview and Level Annotations

Branches:
Dungeon (3/15)

Altars:
Ashenzari
Cheibriados
Nemelex Xobeh
Qazlal
Trog
Yredelemnul


Innate Abilities, Weirdness & Mutations

You cannot wear most types of armour.
You are very stealthy in the water. (Stealth+)
You are amphibious.
You can wear up to eight rings at the same time.
You can use your tentacles to constrict eight enemies at once.
Your skin changes colour to match your surroundings (Stealth+).
Your rubbery body absorbs attacks. (AC +1, EV +1)


Message History

You constrict the orc. The orc hits you with a +0 short sword.
* * * LOW HITPOINT WARNING * * *
You hit the orc. You squeeze the orc.
You kill the orc!
Unknown command.
There is a stone staircase leading up here.
The orc hits you with a +0 dagger.
* * * LOW HITPOINT WARNING * * *
You climb upwards.
There is a stone staircase leading down here.
Casting: Blink (safe; 9% risk of failure)
Confirm with . or Enter, or press ? or * to list all spells.
Space distorts slightly along a thin shroud covering your body.
The orc misses you.
You closely miss the orc. Your grab misses the orc.
The orc hits you with a +0 dagger.
* * * LOW HITPOINT WARNING * * *
Your shroud falls apart!
The orc hits you with a +0 dagger.
You die...

........._..........##.#
#.....
######.##.#.#.......##.#
#..... ...#
#.##...##......##<#
#..... .#.#
#.#######...#####.#
#..... .#.# #.# ##..#
###.### #..... .#.# #.#
#####..###.....# #.....
.#.# #.#
#..............# #.....
.#.###.#
#.###o.###.....###.....
.#.#.[.#
#.#...@................
.#.#.###
#.#...#.#....##########
†#.#.# #.#.....#....#
...#.#
##.#.#.###....##########
.....#
#......................#
...#.#
#....#.###....########.#
...#.# #....#.#
#....#......... ...#.#
#.)..#.# #....#.........
...#.# #....#.#
######.........


You could see an orc.

Vanquished Creatures
  2 worms (D:2)
  A dart slug (D:1)
  5 orcs
  2 giant cockroaches
  2 goblins (D:1)
  2 hobgoblins
  6 jackals
  3 kobolds
  A quokka (D:2)
  A ball python (D:2)
  2 bats
  5 rats
32 creatures vanquished.

Notes
Turn   | Place    | Note
-------+----------+-------------------------------------------
     0 | D:1      | BingusPrime the Octopode Warper began the quest for the
                  | Orb.
     0 | D:1      | Reached XP level 1. HP: 14/14 MP: 3/3
   133 | D:1      | Found a shattered altar of Ashenzari.
   272 | D:1      | Reached XP level 2. HP: 19/19 MP: 5/5
   679 | D:1      | Reached skill level 1 in Stealth
  1038 | D:1      | Learned a level 2 spell: Blink
  1041 | D:1      | Learned a level 2 spell: Shroud of Golubria
  1052 | D:2      | Reached XP level 3. HP: 17/24 MP: 1/6
  1333 | D:2      | Found a bloodstained altar of Trog.
  1403 | D:2      | Found a sparkling altar of Nemelex Xobeh.
  1731 | D:3      | Found a basalt altar of Yredelemnul.
  1731 | D:3      | Found a snail-covered altar of Cheibriados.
  1750 | D:3      | Found a stormy altar of Qazlal.
  1750 | D:3      | Noticed a water elemental
  1792 | D:2      | HP: 1/24 [orc/+0 dagger (2)]
  1792 | D:2      | Slain by an orc

Vault maps used:
D:1:      mrwooster_arrival_statue_3, nicolae_ashenzari_panopticon
D:2:      lemuel_crystal_altar, overflow_temple_1_default
D:3:      nicolae_qazlal_style_of_elements, grunt_gozag_breadcrumbs,
          gammafunk_temple_overflow_elements, first_ration, grunt_ministairs_15

Skill      XL: |  1  2  3 |
---------------+----------+-----
Stealth        | 1 2 |  2.0
Fighting       | |  2.2
Long Blades    | |  2.2
Throwing       | |  1.0
Dodging        | |  2.8
Spellcasting   | |  2.5
Translocations | |  3.0

Action                   || total
-------------------------++-------
Melee: Falchion          ||    63
       Constrict         ||    22
       Tentacles         ||    13
Throw: Tomahawk          ||     2
 Cast: Shroud of Golubri ||     2
       Blink             ||     1
  Use: Scroll            ||     8
 Stab: Sleeping          ||     6
  Eat: Ration            ||     1
       Chunk             ||     1
Armor: Skin              ||     2
Dodge: Dodged            ||    47
       Rpst.: Falchion   ||     9

Table legend:
 A = Non-vault XP
 B = Vault XP
 C = Vault XP percentage of total XP
 D = Non-vault monster count
 E = Vault monster count
 F = Vault count percentage of total count
                 A         B        C        D         E       F
            +---------+---------+-------+---------+---------+-------
      Total |      68 |       0 |   0.0 |      32 |       0 |   0.0
            +---------+---------+-------+---------+---------+-------
        D:1 |      24 |       0 |   0.0 |      12 |       0 |   0.0
        D:2 |      36 |       0 |   0.0 |      16 |       0 |   0.0
        D:3 |       8 |       0 |   0.0 |       4 |       0 |   0.0
            +---------+---------+-------+---------+---------+-------
